Celery, chaotic female sylph Rogue ------------- |._..<.l....| #............-#### ###|.....q.....| # ------q------ ### E # # ### # # # -------------### # |%.....%..).|# o |...%%.....*|# ## ------- |.%...%..([.|# --.------ ### ....... |%%..%.[.)..-# |.......%######)###### ------------- # |.......| # ##########........| --------- Celery the Cutpurse Experience level: 5 Strength: 12 Dexterity: 20 Constitution: 16 Intelligence: 14 Wisdom: 11 Charisma: 7 Health: 0(41) Energy: 25(25) Def: 0 Gold: 10 Moves: 2701 Dungeon seed: BInDk-GVMWdZJizL Game ID: Celery_1469714995 Your Inventory: Coins $ - 10 gold pieces Weapons b - 10 uncursed +0 daggers (in quiver) A - the blessed rustproof +1 Valerian (weapon in hand) Comestibles p - an uncursed eucalyptus leaf Wands h - an uncursed wand of opening (0:3) w - an uncursed wand of enlightenment (0:7) Tools d - an uncursed lock pick f - an uncursed sack g - an uncursed blindfold s - a blessed bag of holding Gems q - an uncursed jet stone Contents of the bag of holding: 73 gold pieces an uncursed scroll of destroy armor a cursed scroll of food detection a cursed scroll of light an uncursed scroll of magic mapping an uncursed spellbook of cure blindness a blessed potion of gain energy an uncursed potion of gain energy an uncursed potion of healing a potion of holy water an uncursed potion of sickness Spells and supernatural/magical abilities: Name Level Category Fail Memory W - pray for help -- divine ? -- Your skills at the end: Miscellaneous Skills wands [Basic] Weapon Skills dagger [Basic] short sword [Basic] Spellcasting Skills healing spells [Basic] Final Attributes: You were devoutly aligned. You were sleep resistant. You saw invisible. You had infravision. You were stealthy. You were protected from shape changers. You were very fast. You are dead. Vanquished creatures: a small mimic 2 shriekers 2 giant ants a little dog a floating eye 2 iguanas a hill orc 4 rothes a large kobold 2 geckos a giant rat 2 cave spiders a green mold 6 jackals a fox 2 newts a bat 3 lichens a kobold zombie 35 creatures vanquished. Voluntary challenges: You were vegetarian. You wore only your undergarments. You used a wielded weapon 56 times, starting on turn 183. You did not apply a unicorn horn. You read items or engraved 3 times, starting on turn 1342. You never genocided any monsters. You never polymorphed an object. You never changed form. You used no wishes. You never split a pudding. You never wrote Elbereth's name. You violated your moral code, losing 1 point of alignment, starting on turn 2660. Dungeon overview: The Dungeons of Doom: levels 1 to 4 Level 1 some fountains a long staircase Level 2 a fountain, a sink Level 3 a fountain Level 4 <- You were here a general store, an altar to Kos History has recorded: On T:1 you entered the Dungeons of Doom to retrieve the Amulet of Yendor! On T:447 you reached level 2 of The Dungeons of Doom. On T:848 you advanced to experience level 2. On T:915 you reached level 3 of The Dungeons of Doom. On T:1327 you reached level 4 of The Dungeons of Doom. On T:1487 you advanced to experience level 3. On T:1548 you received Valerian from Kos. On T:1584 you advanced to experience level 4. On T:2660 you advanced to experience level 5. Score breakdown: Gold: 83 ( 8 points) Experience: 5 levels ( 400 points) Exploration: 4 levels ( 90 points) Discoveries: 7 items ( 350 points) Variety of kills: 19 monsters ( 950 points) Major goal: (nothing yet) ( 0 points) Survival: died (score multiplied by 3) Total score: 5394 Latest messages: $ - 10 gold pieces. b - an uncursed +0 dagger (in quiver). There are a few more objects here. There are a few objects here. i - a hill orc corpse. You rebalance your load. Movement is difficult. You see here a floating eye corpse. j - a floating eye corpse. You drop a hill orc corpse. Your movements are now unencumbered. The rothe claws you! The rothe bites! (2x) The rothe claws you! The rothe bites! (2x) Your sweetly-scented blade puts the rothe to sleep. The rothe claws you! The rothe bites! (2x) You drop a floating eye corpse. The rothe claws you! The rothe bites! (2x) The rothe claws you! The rothe bites! (2x) You die... Final status: Goodbye Celery the Rogue, killed by a rothe... You died in The Dungeons of Doom on dungeon level 4 with 5394 points, and 83 pieces of gold, after 2701 moves. You were level 5 with a maximum of 41 hit points when you died.